AoeStats
← El_Generalísimo

Arabia

508225005Analyzed
1v1 RM · 12d ago on Sep 21, 2026· 41m 3s· 2 players
Game mode
Random Map
Map size
Tiny (2 player)
Population
200
Speed
Normal
Resources
Standard
Victory
Conquest
Starting age
Dark Age
Ending age
Imperial Age
RankedLock teamsTeams togetherTeam positionsShared explorationLock speedFull tech treeHidden civsTurbo modeCheats
Victory
Defeat
🇪🇸 Britons · Spain
828
+15
🇬🇪 Khmer · Georgia
804
-15
EleneGeorgia
0:47 Loom
9:47 Feudal Age
10:13 Town Watch
10:41 Man-at-Arms
16:12 Bloodlines
25:14 Castle Age
23:42 Double-Bit Axe
23:51 Horse Collar
26:00 Husbandry
25:42 Light Cavalry
26:02 Long Swordsman
36:12 Wheelbarrow
37:32 Gold Mining
37:33 Stone Mining
El_Generalísimo
7:11 Loom
10:02 Feudal Age
12:22 Fletching
17:58 Double-Bit Axe
28:15 Castle Age
28:17 Crossbowman
29:41 Bodkin Arrow
36:27 Bow Saw
36:00 Horse Collar
36:12 Gold Mining
40:47 Imperial Age
39:32 Scale Barding Armor
39:37 Forging
39:29 Padded Archer Armor
39:52 Ballistics
Connection lost

Rejoining the realm…

Still unreachable

The connection could not be restored.

Session expired

The server has moved on; the page needs a fresh start.